Map: Bastion of the Conclave

Players

killgori - Winner!

  • Race: Protoss Protoss
  • League: Gold
  • Spawn Location: 12:00

Whoppollock - Winner!

  • Race: Zerg Zerg
  • Spawn Location: 0:00

InsaneP - Winner!

  • Race: Terran Terran
  • Spawn Location: 12:00

NEO

  • Race: Protoss Protoss
  • Spawn Location: 6:00

petros

  • Race: Protoss Protoss
  • Spawn Location: 6:00

Metasapien

  • Race: Zerg Zerg
  • League: Platinum
  • Spawn Location: 6:00

VOD

Have the link to the VOD?

Description

Time

  • Played on: Sept. 23, 2017, 9:34 a.m.
  • Length: 6:37
Show
View Real Time Build Order
Export as new Build Order

killgori Protoss - Winner!

Build Orders:  

Get SALT Encoding   

  12  0:09  Pylon  
  12  0:23  Probe (Chrono Boost)  
  13  0:32  Gateway  
  13  0:34  Probe (Chrono Boost)  
  14  0:44  Probe (Chrono Boost)  
  15  0:54  Gateway  
  15  0:55  Probe (Chrono Boost)  
  16  1:05  Probe (Chrono Boost)  
  16  1:09  Assimilator  
  17  1:15  Pylon  
  17  1:21  Zealot  
  19  1:31  Cybernetics Core  
  19  1:34  Probe (Chrono Boost)  
  20  1:41  Zealot  
  22  1:49  Zealot  
  22  1:54  Probe (Chrono Boost)  
  25  1:58  Assimilator  
  25  2:08  Warp Gate (Chrono Boost)  
  25  2:10  Probe  
  25  2:14  Zealot  
  28  2:39  Stalker  
  30  2:51  Nexus  
  30  2:59  Pylon  
  30  3:02  Probe  
  31  3:17  Probe  
  32  3:29  Probe  
  33  3:46  Stalker x2  
  37  3:48  Gateway  
  37  3:51  Probe  
  36  4:03  Probe  
  35  4:16  Stalker (Chrono Boost)  
  26  4:40  Stalker (Chrono Boost)  
  26  4:42  Stalker (Chrono Boost)  
  26  4:50  Stalker (Chrono Boost)  
  28  4:55  Assimilator  
  28  4:59  Assimilator  
  28  5:24  Stalker (Chrono Boost)  
  28  5:25  Stalker (Chrono Boost)  
  28  5:27  Stalker (Chrono Boost)  
  34  5:39  Gateway  
  34  5:41  Probe (Chrono Boost)  
  35  5:45  Probe (Chrono Boost)  
  36  5:52  Probe (Chrono Boost)  
  36  5:56  Probe (Chrono Boost)  
  38  6:05  Probe (Chrono Boost)  
  36  6:15  Probe (Chrono Boost)  
  36  6:31  Pylon  
  36  6:32  Pylon  
  36  6:34  Pylon  
Show
View Real Time Build Order
Export as new Build Order

Whoppollock Zerg - Winner!

Build Orders: Hatch First 

Get SALT Encoding   

  12  0:03  Drone  
  13  0:08  Drone  
  13  0:14  Extractor  
  13  0:16  Drone  
  15  0:43  Hatchery  
  15  0:45  Extractor  
  15  0:46  Drone  
  14  1:01  Spawning Pool  
  13  1:05  Drone  
  14  1:16  Overlord  
  14  1:49  Zergling x6  
  14  1:50  Metabolic Boost  
  17  1:56  Zergling x2  
  17  1:58  Queen  
  20  2:04  Zergling x2  
  22  2:08  Zergling x2  
  22  2:13  Zergling x2  
  23  2:19  Zergling x2  
  23  2:22  Zergling x2  
  25  2:41  Drone x2  
  27  2:45  Lair  
  18  4:08  Zergling x2  
  18  4:09  Zergling x10  
  24  4:10  Drone x3  
  27  4:19  Queen, Extractor  
  27  4:21  Drone, Spire  
  27  4:23  Overlord  
  23  5:07  Zergling x10  
  23  5:12  Drone x3  
  30  5:36  Mutalisk x2  
  30  5:39  Drone x2  
  30  5:41  Overlord x2  
  36  5:45  Extractor  
  36  5:47  Extractor  
  33  5:59  Zergling x2  
  33  6:01  Zergling x10  
Show
View Real Time Build Order
Export as new Build Order

InsaneP Terran - Winner!

Build Orders: Cyclone Opening 

Get SALT Encoding   

  12  0:02  SCV  
  13  0:14  SCV  
  14  0:24  Supply Depot  
  14  0:26  Refinery  
  14  0:29  SCV  
  15  0:41  Refinery  
  15  0:45  SCV  
  16  0:57  Barracks  
  16  0:59  SCV  
  17  1:11  SCV  
  18  1:25  SCV  
  19  1:34  Supply Depot  
  19  1:40  SCV  
  20  1:47  Factory  
  20  1:52  Barracks Reactor  
  20  1:53  SCV  
  21  2:05  SCV  
  22  2:13  Supply Depot  
  22  2:36  SCV  
  23  2:38  Cyclone x2  
  29  3:10  Cyclone x2  
  29  3:11  Reaper  
  36  3:16  Starport  
  36  3:29  Orbital Command  
  36  3:34  Engineering Bay  
  34  4:53  Cyclone  
  34  4:54  Marine  
  38  5:31  Cyclone  
  37  5:53  Command Center  
  37  5:56  Missile Turret  
  37  5:57  Missile Turret  
  37  5:59  Supply Depot  
  37  6:01  Supply Depot x2  
  37  6:35  Barracks Tech Lab  
Show
View Real Time Build Order
Export as new Build Order

NEO Protoss 

Build Orders:  

Get SALT Encoding   

  12  0:03  Probe (Chrono Boost)  
  13  0:17  Probe (Chrono Boost)  
  13  0:20  Pylon  
  14  0:27  Probe (Chrono Boost)  
  15  0:38  Probe (Chrono Boost)  
  16  0:46  Pylon  
  16  0:49  Probe (Chrono Boost)  
  17  0:56  Forge  
  17  1:00  Probe (Chrono Boost)  
  18  1:11  Probe (Chrono Boost)  
  19  1:13  Assimilator  
  19  1:17  Gateway  
  19  1:22  Probe (Chrono Boost)  
  20  1:29  Pylon  
  20  1:36  Gateway  
  20  1:47  Gateway  
  20  1:58  Photon Cannon  
  20  2:07  Zealot (Chrono Boost)  
  22  2:23  Gateway  
  22  2:26  Zealot (Chrono Boost)  
  24  2:35  Probe  
  25  2:40  Pylon  
  25  2:46  Zealot (Chrono Boost)  
  25  2:48  Zealot (Chrono Boost)  
  29  3:12  Zealot (Chrono Boost)  
  33  3:15  Zealot (Chrono Boost)  
  33  3:20  Photon Cannon  
  33  3:21  Photon Cannon  
  33  3:28  Pylon  
  33  3:33  Cybernetics Core  
  35  3:42  Zealot (Chrono Boost)  
  37  3:48  Zealot (Chrono Boost)  
  37  4:02  Zealot x2 (Chrono Boost)  
  41  4:10  Photon Cannon  
  41  4:22  Stalker (Chrono Boost)  
  43  4:36  Zealot (Chrono Boost)  
  49  4:40  Zealot (Chrono Boost)  
  49  4:41  Stalker (Chrono Boost)  
  43  4:57  Zealot (Chrono Boost)  
  43  4:58  Mothership Core  
  36  5:21  Stalker (Chrono Boost)  
  32  5:24  Stalker (Chrono Boost)  
  32  5:25  Stalker (Chrono Boost)  
  32  5:27  Stalker (Chrono Boost)  
  26  5:47  Stalker (Chrono Boost)  
  27  5:54  Stalker (Chrono Boost)  
Show
View Real Time Build Order
Export as new Build Order

petros Protoss 

Build Orders:  

Get SALT Encoding   

  12  0:01  Probe (Chrono Boost)  
  13  0:12  Probe (Chrono Boost)  
  14  0:19  Pylon  
  14  0:28  Probe (Chrono Boost)  
  15  0:38  Probe (Chrono Boost)  
  15  0:41  Gateway  
  16  0:47  Assimilator  
  16  0:49  Probe (Chrono Boost)  
  17  0:59  Probe (Chrono Boost)  
  18  1:11  Probe (Chrono Boost)  
  19  1:17  Pylon  
  19  1:25  Pylon  
  19  1:33  Probe (Chrono Boost)  
  19  1:38  Assimilator  
  20  1:43  Zealot  
  20  1:44  Probe (Chrono Boost)  
  23  1:49  Gateway  
  23  1:55  Probe (Chrono Boost)  
  24  2:06  Probe (Chrono Boost)  
  25  2:18  Probe (Chrono Boost)  
  25  2:20  Zealot  
  28  2:45  Probe (Chrono Boost)  
  29  2:56  Probe (Chrono Boost)  
  29  2:58  Nexus, Zealot x2  
  34  3:06  Probe (Chrono Boost)  
  35  3:17  Probe (Chrono Boost)  
  36  3:25  Zealot  
  38  4:09  Zealot  
  30  4:26  Probe (Chrono Boost)  
  30  4:29  Pylon  
  26  4:31  Pylon  
  26  4:37  Probe (Chrono Boost)  
  12  4:47  Probe (Chrono Boost)  
  12  4:50  Gateway  
  13  4:52  Assimilator  
  13  4:57  Assimilator  
  13  4:58  Probe (Chrono Boost)  
  14  5:07  Cybernetics Core  
  14  5:09  Probe (Chrono Boost)  
  15  5:19  Probe (Chrono Boost)  
  16  5:30  Probe (Chrono Boost)  
Show
View Real Time Build Order
Export as new Build Order

Metasapien Zerg 

Build Orders: Pool First 

Get SALT Encoding   

  12  0:23  Drone  
  12  0:28  Spawning Pool  
  12  0:31  Overlord  
  12  0:38  Drone  
  12  0:41  Extractor  
  12  0:44  Drone  
  12  0:49  Drone  
  14  0:56  Drone  
  15  1:06  Drone  
  16  1:23  Drone  
  17  1:30  Hatchery  
  16  1:39  Drone  
  17  1:41  Drone  
  18  1:49  Overlord  
  18  2:02  Drone  
  19  2:10  Metabolic Boost  
  19  2:23  Hatchery  
  19  2:25  Drone  
  19  2:28  Drone  
  20  2:35  Zergling x2  
  21  2:42  Queen  
  23  2:45  Zergling x2  
  23  2:49  Zergling x2  
  27  3:05  Drone  
  27  3:06  Drone  
  29  3:13  Drone x2  
  28  3:26  Spine Crawler  
  23  3:32  Zergling x6  
  23  3:33  Zergling x2  
  24  3:45  Zergling x2  
  17  4:05  Zergling x2  
  17  4:06  Zergling x6  
  17  4:07  Queen  
  22  4:17  Spine Crawler  
  22  4:18  Drone  
  22  4:24  Roach Warren  
  20  4:35  Zergling x2  
  20  4:36  Zergling x2  
  18  4:57  Zergling x2  
  19  5:00  Drone  
  20  5:08  Roach  
  22  5:20  Hatchery  
  21  5:22  Roach  
  21  5:23  Roach x3  
  28  5:39  Roach  
  28  5:50  Overlord  
  24  6:08  Roach  
  24  6:09  Hatchery, Roach x2  
  29  6:15  Overlord  
Tags
 
Add a new tag
Caveats
  • Supply blocks, unpowered buildings, or Contaminate may cause inaccurate times.
  • Supply counts are checked every 10 seconds.